 Dungeon Crawl Stone Soup version 0.27-a0-412-g8dd771eca2 (webtiles) character file.

Game seed: 16111058072188891515

277 Nattfarinn the Unweaver (level 6, -4/70 HPs)
             Began as a Demonspawn Abyssal Knight on Feb 24, 2021.
             Was a Follower of Lugonu.
             Slain by Grinder (7 damage)
             ... on level 3 of the Dungeon.
             The game lasted 00:05:17 (2450 turns).

Nattfarinn the Unweaver (Demonspawn Abyssal Knight) Turns: 2450, Time: 00:05:17

Health: -4/70      AC: 11    Str: 14    XL:     6   Next: 4%
Magic:  12/12      EV:  9    Int: 13    God:    Lugonu [*.....]
Gold:   118        SH: 11    Dex: 13    Spells: 5/5 levels left

rFire    . . .     SeeInvis .   a - +1 hand axe
rCold    . . .     Faith    .   (no shield)
rNeg     . . .     Spirit   .   m - +0 scale mail
rPois    .         Reflect  +   d - +0 helmet
rElec    .         Harm     .   (no cloak)
rCorr    .         Rampage  .   (no gloves)
Will     .....                  (no boots)
Stlth    ..........             c - amulet of reflection
HPRegen  0.21/turn              j - +4 ring of protection
MPRegen  0.13/turn              (no ring)

@: berserking, very quick
A: large bone plates 2, spiny 2
a: Renounce Religion, Depart the Abyss


You were on level 3 of the Dungeon.
You worshipped Lugonu.
Lugonu was aware of your devotion.
You visited 1 branch of the dungeon, and saw 3 of its levels.
You visited the Abyss 1 time.

You collected 118 gold pieces.

Inventory:

Hand Weapons
 a - a +1 hand axe (weapon)
Armour
 b - a +0 leather armour
 d - a +0 helmet (worn)
 m - a +0 scale mail (worn)
Jewellery
 c - an amulet of reflection (around neck)
 j - a +4 ring of protection (left hand)
Scrolls
 e - a scroll of enchant armour {unknown}
 f - 3 scrolls of identify {unknown}
 g - a scroll of teleportation {unknown}
 h - 2 scrolls of fear {unknown}
 l - 2 scrolls of amnesia {unknown}
 n - 2 scrolls of blinking {unknown}
Potions
 k - a potion of heal wounds {unknown}
 p - a potion of resistance {unknown}


   Skills:
 - Level 3.0 Fighting
 - Level 1.7 Axes
 - Level 1.7 Armour
 - Level 0.8 Dodging
 + Level 8.4 Invocations


You had 5 spell levels left.
You didn't know any spells.
Your spell library was empty.

Dungeon Overview and Level Annotations

Branches:
Dungeon (3/15)

Altars:
Hepliaklqana
Zin

Annotations:
D:2 Natasha
D:3 Grinder


Innate Abilities, Weirdness & Mutations

You are mostly covered in large bone plates. (SH +6)
You are mostly covered in sharp spines.


Message History

Grinder gestures at you. Pain shoots through your body!
Unknown command.
You hit Grinder but do no damage.
Grinder is severely wounded.
Grinder gestures at you.
You suddenly lose the ability to move!
Grinder hits you but does no damage. Grinder hits you!
You writhe in agony.
Grinder says, "You look like you could use a good racking."
Grinder gestures at you. Pain shoots through your body!
* * * LOW HITPOINT WARNING * * *
Grinder gestures at you.
You shrug off the repeated paralysis!
You can move again.
You feel better. Grinder gestures at you. Pain shoots through your body!
* * * LOW HITPOINT WARNING * * *
You aren't carrying any items that you can evoke.
It was a potion of berserk rage.
A red film seems to cover your vision as you go berserk!
You feel yourself moving faster!
You feel mighty! Grinder gestures at you. Pain shoots through your body!
* * * LOW HITPOINT WARNING * * *
You barely miss Grinder.
Grinder is heavily wounded.
Grinder says, "At least Makhleb appreciates what I'm doing."
You block Grinder's attack.
You slash Grinder!
Grinder is severely wounded.
Grinder barely misses you.
You hit Grinder.
Grinder is almost dead.
You hit Grinder but do no damage.
Grinder is almost dead.
Grinder hits you!
You die...

#..... #..... #..... #.....
#..... #..... #....5#####
#.....@...# #.........#
#.........# #####
#.........#
....#######.........# #
.........##...^.....######)#
.........######............#
.........# ##########.....##
.........# #........'.....#


You could see Grinder.

Vanquished Creatures
  Sigmund (D:2)
  Natasha (D:2)
  4 adders (D:2)
  2 worms
  A leopard gecko (D:2)
  3 orcs (D:3)
  5 bats
  2 giant cockroaches
  7 goblins
  3 hobgoblins
  4 jackals (D:2)
  6 kobolds
  5 rats
44 creatures vanquished.

Notes
Turn   | Place    | Note
-------+----------+-------------------------------------------
     0 | Abyss:1  | Nattfarinn the Demonspawn Abyssal Knight began the quest
                  | for the Orb.
     0 | Abyss:1  | Reached XP level 1. HP: 18/18 MP: 2/2
    52 | Abyss:1  | Noticed a raiju
    53 | D:1      | Escaped the Abyss
   314 | D:1      | Reached skill level 3 in Invocations
   442 | D:1      | Gained mutation: You are partially covered in large bone
                  | plates. (SH +4) [demonic ancestry]
   442 | D:1      | Reached XP level 2. HP: 17/24 MP: 4/4
   811 | D:1      | Reached * piety under Lugonu
   812 | D:1      | Reached skill level 4 in Invocations
   936 | D:2      | Found a faded altar of an unknown god.
  1074 | D:2      | Noticed Natasha
  1095 | D:2      | Killed Natasha
  1096 | D:2      | Reached skill level 5 in Invocations
  1096 | D:2      | Reached XP level 3. HP: 13/29 MP: 6/6
  1309 | D:2      | Noticed Natasha
  1654 | D:2      | Gained mutation: You are partially covered in sharp spines.
                  | [demonic ancestry]
  1654 | D:2      | Reached XP level 4. HP: 32/35 MP: 8/8
  1697 | D:2      | Noticed Sigmund
  1713 | D:2      | Killed Sigmund
  1714 | D:2      | Reached skill level 8 in Invocations
  1714 | D:2      | Gained mutation: You are mostly covered in sharp spines.
                  | [demonic ancestry]
  1714 | D:2      | Reached XP level 5. HP: 24/41 MP: 8/11
  1884 | D:2      | Found a hazy altar of Hepliaklqana.
  2148 | D:2      | Found a glowing silver altar of Zin.
  2300 | D:3      | Gained mutation: You are mostly covered in large bone
                  | plates. (SH +6) [demonic ancestry]
  2300 | D:3      | Reached XP level 6. HP: 47/47 MP: 12/12
  2430 | D:3      | Noticed Grinder
  2433 | D:3      | Paralysed by Grinder for 3 turns
  2440 | D:3      | Paralysed by Grinder for 5 turns
  2446 | D:3      | HP: 2/70 [Grinder/nerve-wracking pain (12)]
  2450 | D:3      | Slain by Grinder

Illustrated notes

Levels and vault maps discovered:
D:1:      minmay_arrival_jagged, layout_basic
D:2:      layout_loops_ring, nicolae_overflow_hidden_temple,
          overflow_temple_1_default, nzn_hepliaklqana_mist_gate,
          chequers_ecumenical_altar_simple_redux, minmay_quadrilaterals,
          uniq_sigmund, uniq_natasha
D:3:      layout_basic, grunt_ministairs_11, xom_redecorated, uniq_grinder,
          uniq_terence

Skill      XL: |  1  2  3  4 |
---------------+-------------+-----
Invocations    | 3 5 8 |  8.4
Fighting       | |  3.0
Axes           | |  1.7
Armour         | |  1.7
Dodging        | |  0.8

Action                   |  1- 3 |  4- 6 || total
-------------------------+-------+-------++-------
Melee: Hand axe          |    99 |    58 ||   157
Invok: Depart the Abyss  |     1 |       ||     1
  Use: Potion            |     3 |     2 ||     5
Armor: Leather armour    |    14 |       ||    14
       Scale mail        |    16 |    13 ||    29
Dodge: Dodged            |    64 |    10 ||    74
Block: Other             |    21 |    23 ||    44

Table legend: (Time is in decaauts)
 A = Elapsed time spent in this place.
 B = Non-inter-level travel time spent in this place.
 C = Inter-level travel time spent in this place.
 D = Time resting spent in this place.
 E = Time spent auto-exploring this place.
 F = Levels seen in this place.
 G = Mean time per level.
                   A        B        C        D        E       F      G
               +--------+--------+--------+--------+--------+-----+--------+
         Total |   2473 |   2441 |     32 |    733 |   1315 |   4 |  618.2 |
       Dungeon |   2420 |   2388 |     32 |    733 |   1263 |   3 |  806.7 |
         Abyss |     53 |     53 |      0 |      0 |     52 |   1 |   53.0 |
               +--------+--------+--------+--------+--------+-----+--------+

Top non-repeatable levels by time:
     D:2: 1381 daAuts
     D:1: 882 daAuts
     D:3: 156 daAuts
 Abyss:1: 53 daAuts
